 Dungeon Crawl Stone Soup version 0.27-a0-58-g0ec5f8ab93 (webtiles) character file.

Game seed: 4699130997644567047

42 Descartes the Ducker (level 3, 0/17 HPs)
             Began as a Felid Monk on Jan 8, 2021.
             Slain by Natasha (9 damage)
             ... on level 1 of the Dungeon.
             The game lasted 00:01:37 (903 turns).

Descartes the Ducker (Felid Monk)                    Turns: 903, Time: 00:01:38

Health: 0/17       AC:  1    Str:  8    XL:     3   Next: 33%
Magic:  4/4        EV: 20    Int: 11    God:
Gold:   45         SH:  0    Dex: 18    Spells: 2/2 levels left
                                        Lives:  0   Deaths: 0

rFire    . . .     SeeInvis +     - Unarmed
rCold    . . .     Faith    .   (shield unavailable)
rNeg     . . .     Spirit   .   (armour unavailable)
rPois    .         Reflect  .   (helmet unavailable)
rElec    .         Harm     .   (cloak unavailable)
rCorr    .         Rampage  .   (gloves unavailable)
Will     .....                  (boots unavailable)
Stlth    +++.......             (no amulet)
HPRegen  0.05/turn              (no ring)
MPRegen  0.09/turn              (no ring)

@: quick
A: very small, no armour, no weapons or thrown items, stealth, claws 1, fangs 3,
see invisible, speed 1, shaggy fur 1, sharp paws
a: no special abilities


You were on level 1 of the Dungeon.
You visited 1 branch of the dungeon, and saw 2 of its levels.

You collected 45 gold pieces.

Inventory:

Missiles
 e - 17 stones
Scrolls
 a - a scroll of enchant weapon {unknown}
 b - a scroll of enchant armour {unknown}
 c - a scroll of random uselessness {unknown}
 d - a scroll of teleportation {unknown}
 f - a scroll of noise {unknown}
 j - a scroll of fear {unknown}
 k - a scroll of remove curse {unknown}
Potions
 g - a potion of curing {unknown}
 h - a potion of resistance {unknown}
 i - 2 potions of heal wounds


   Skills:
 + Level 3.3 Fighting
 + Level 4.4 Dodging
 * Level 4.0 Stealth
 + Level 3.3 Unarmed Combat


You had 2 spell levels left.
You didn't know any spells.
Your spell library was empty.

Dungeon Overview and Level Annotations

Branches:
Dungeon (2/15)

Altars:

Annotations:
D:1 Natasha


Innate Abilities, Weirdness & Mutations

You cannot wear armour.
You are incapable of wielding weapons or throwing items.
Your paws allow you to move quietly. (Stealth)
You have sharp claws.
You have razor-sharp teeth.
You have supernaturally acute eyesight. (SInv)
You cover ground quickly.
You are covered in fur. (AC +1)
Your sharp claws are effective at attacking unaware monsters.


Message History

You kill the worm!
The shadow imp hits you. Natasha barely misses you.
Your Stealth skill increases to level 4!
The shadow imp lashes its tail.
The frilled lizard closely misses you. Natasha misses you.
There is a stone staircase leading up here.
The shadow imp barely misses you.
The frilled lizard bites you but does no damage.
Natasha closely misses you.
You climb upwards.
The shadow imp disappears in a puff of smoke!
There is a stone staircase leading down here.
You scratch Natasha. You claw Natasha.
Natasha is moderately wounded.
The frilled lizard misses you.
You scratch Natasha.
Natasha is moderately wounded.
Natasha claws you!
Ouch! That really hurt!
You die...

#.##....####.#####
##....#### ##.########
....#.# ##.........#
...##.#####..........#
...##[...............#
...###..#.######.#####
........#.# #.#
..#####...# #l#
....###.### #@#
.##.....# ##h#
.######.#### #..#
.##........# #.##
...........# #.#
...)#......# #.#
#######.#### #.# #.##
#.# # ##..#### #.#


You could see Natasha and a frilled lizard.

Vanquished Creatures
  Natasha (D:2)
  A worm (D:2)
  3 giant cockroaches
  3 kobolds (D:1)
  3 bats (D:1)
  3 goblins (D:2)
  A rat (D:1)
15 creatures vanquished.

Notes
Turn   | Place    | Note
-------+----------+-------------------------------------------
     0 | D:1      | Descartes the Felid Monk began the quest for the Orb.
     0 | D:1      | Reached XP level 1. HP: 10/10 MP: 2/2
   400 | D:1      | Reached XP level 2. HP: 14/14 MP: 3/3
   797 | D:2      | Noticed Natasha
   801 | D:2      | Killed Natasha
   802 | D:2      | Reached XP level 3. HP: 17/17 MP: 4/4
   841 | D:2      | Noticed Natasha
   903 | D:1      | Slain by Natasha

Illustrated notes

Levels and vault maps discovered:
D:1:      grunt_arrival_lava_bath, layout_rooms
D:2:      layout_rooms, uniq_natasha

Skill      XL: |  1  2  3 |
---------------+----------+-----
Stealth        | 3 4 |  4.0
Fighting       | |  3.3
Dodging        | |  4.4
Unarmed Combat | |  3.3

Action                   || total
-------------------------++-------
Melee: Unarmed           ||    40
       Bite              ||     5
       Punch             ||     2
  Use: Potion            ||     1
 Stab: Sleeping          ||     7
Armor: Skin              ||     2
Dodge: Dodged            ||    35

Table legend: (Time is in decaauts)
 A = Elapsed time spent in this place.
 B = Non-inter-level travel time spent in this place.
 C = Inter-level travel time spent in this place.
 D = Time resting spent in this place.
 E = Time spent auto-exploring this place.
 F = Levels seen in this place.
 G = Mean time per level.
                   A        B        C        D        E       F      G
               +--------+--------+--------+--------+--------+-----+--------+
         Total |    816 |    785 |     31 |    228 |    428 |   2 |  408.0 |
       Dungeon |    816 |    785 |     31 |    228 |    428 |   2 |  408.0 |
               +--------+--------+--------+--------+--------+-----+--------+

Top non-repeatable levels by time:
     D:1: 714 daAuts
     D:2: 101 daAuts
